 Dungeon Crawl Stone Soup version 0.22-a0-443-g17c3723931 (webtiles) character file.

35 Oravi the Changer (level 3, 0/26 HPs)
             Began as a Merfolk Transmuter on May 31, 2018.
             Succumbed to an adder's poison
             ... on level 2 of the Dungeon.
             The game lasted 00:02:48 (1253 turns).

Oravi the Changer (Merfolk Transmuter)              Turns: 1253, Time: 00:02:48

Health: 0/26       AC:  2    Str: 10    XL:     3   Next: 35%
Magic:  4/6        EV: 13    Int: 18    God:
Gold:   31         SH:  0    Dex: 14    Spells: 0/6 levels left

rFire    . . .     SeeInvis .     - Unarmed
rCold    . . .     Gourm    .   (no shield)
rNeg     . . .     Faith    .   b - +0 robe
rPois    .         Spirit   .   (no helmet)
rElec    .         Reflect  .   (no cloak)
rCorr    .         Harm     .   (no gloves)
MR       .....                  (no boots)
Stlth    +.........             (no amulet)
HPRegen  0.08/turn              (no ring)
MPRegen  0.10/turn              (no ring)

@: brilliant, lethally poisoned (0 -> -5), appendage, berserk cooldown, flying,
slowed, very slow
A: change form in water, swift swim, stealthy swim, horns 2
a: End Transformation


You were on level 2 of the Dungeon.
You were hungry.
You had grown temporary horns.
You visited 1 branch of the dungeon, and saw 2 of its levels.

You collected 31 gold pieces.

Inventory:

Missiles
 a - 24 arrows
Armour
 b - a +0 robe (worn)
 g - a +0 cloak
Scrolls
 c - a scroll of identify {unknown}
 e - a scroll of enchant armour {unknown}
 i - a scroll of teleportation {unknown}
 j - a scroll of blinking {unknown}
Potions
 h - 2 potions of berserk rage
Comestibles
 d - 2 rations


   Skills:
 - Level 1.1 Fighting
 - Level 2.6 Dodging
 - Level 3.2 Unarmed Combat
 - Level 2.0 Spellcasting
 + Level 4.9 Transmutations


You couldn't memorise any spells.
You knew the following spells:

 Your Spells              Type           Power        Failure   Level  Hunger
a - Beastly Appendage     Tmut           ####..       1%          1    #......
b - Sticks to Snakes      Tmut           ####....     1%          2    ###....
c - Spider Form           Tmut/Pois      ###.......   2%          3    ###....

Your spell library contained the following spells:

 Spells                   Type           Power        Failure   Level  Hunger
 Blade Hands              Tmut           ####......   8%          5    ######.
 Ice Form                 Ice/Tmut       ###.....     8%          4    #####..


Dungeon Overview and Level Annotations

Branches:
Dungeon (2/15)

Altars:

Annotations:
D:2 Natasha


Innate Abilities, Weirdness & Mutations

You revert to your normal form in water.
You are very nimble and swift while swimming.
You are very stealthy in the water. (Stealth+)
You have a pair of horns on your head.


Message History

* * * LOW HITPOINT WARNING * * *
You feel sick.
It was a potion of brilliance.
You feel clever all of a sudden.
* * * LOW HITPOINT WARNING * * *
You feel sick.
Casting: Spider Form (safe; 2% risk of failure)
Confirm with . or Enter, or press ? or * to list all spells.
You grow a pair of large bovine horns.
* * * LOW HITPOINT WARNING * * *
You feel sick.
It was a potion of flight.
You feel very buoyant.
You fly up into the air.
* * * LOW HITPOINT WARNING * * *
You feel sick.
Okay, then.
* * * LOW HITPOINT WARNING * * *
You feel sick.
You die...

..# ####
#. . . ...
. .. ..
...#. ...
... ...%
#.#.
..##..#
....# .#
#..###..#
#.@.....##
#.<†......
##.#..).#.
#.#>#.##
... # #
##. .# .#
.#


There were no monsters in sight!

Vanquished Creatures
  An adder (D:2)
  2 giant cockroaches (D:1)
  3 goblins
  5 hobgoblins
  3 jackals (D:1)
  2 kobolds (D:2)
  4 frilled lizards
  5 rats
25 creatures vanquished.

Notes
Turn   | Place    | Note
-------+----------+-------------------------------------------
     0 | D:1      | Oravi the Merfolk Transmuter began the quest for the Orb.
     0 | D:1      | Reached XP level 1. HP: 15/15 MP: 3/3
    22 | D:1      | Reached skill level 3 in Transmutations
    58 | D:1      | Reached XP level 2. HP: 17/21 MP: 3/5
   266 | D:1      | Reached skill level 4 in Transmutations
   974 | D:2      | Noticed Natasha
   978 | D:2      | Noticed a crimson imp
  1180 | D:2      | Reached XP level 3. HP: 26/26 MP: 4/6
  1188 | D:1      | Learned a level 2 spell: Sticks to Snakes
  1192 | D:1      | Learned a level 3 spell: Spider Form
  1251 | D:2      | HP: 1/26 [poisoned by an adder]
  1253 | D:2      | Succumbed to an adder's poison

Vault maps used:
D:1:      minmay_arrival_up_and_down, minmay_misc_feat_rugged,
          hangedman_abyss_or_decor_lesser_grid
D:2:      st_stairs_1, uniq_natasha

Skill      XL: |  1  2 |
---------------+-------+-----
Transmutations | 3 4 |  4.9
Fighting       | |  1.1
Dodging        | |  2.6
Unarmed Combat | |  3.2
Spellcasting   | |  2.0

Action                   || total
-------------------------++-------
Melee: Unarmed           ||    72
       Headbutt          ||     7
 Cast: Beastly Appendage ||    17
       Spider Form       ||     1
  Use: Potion            ||     3
  Eat: Chunk             ||     1
Armor: Robe              ||     5
Dodge: Dodged            ||    58

Table legend:
 A = Spawn XP
 B = Non-spawn XP
 C = Spawn XP percentage of total XP
 D = Spawn monster count
 E = Non-spawn monster count
 F = Spawn count percentage of total count
 G = Total turns spent on level
                    A         B        C        D         E        F      G
               +---------+---------+-------+---------+---------+-------+---------
         Total |       0 |      51 |   0.0 |       0 |      25 |   0.0 |  1253
               +---------+---------+-------+---------+---------+-------+---------
           D:1 |       0 |      24 |   0.0 |       0 |      15 |   0.0 |  1151
           D:2 |       0 |      27 |   0.0 |       0 |      10 |   0.0 |   102
               +---------+---------+-------+---------+---------+-------+---------
